 Dungeon Crawl Stone Soup version 0.23.1 (webtiles) character file.

Game seed: 6267469872857398399

81 Borgoz the Sneak (level 4, 0/35 HPs)
             Began as a Ghoul Enchanter on Mar 5, 2019.
             Was an Initiate of Dithmenos.
             Killed by divine providence
             ... invoked by an orc priest
              (20 damage)
             ... on level 2 of the Dungeon.
             The game lasted 00:04:17 (2028 turns).

Borgoz the Sneak (Ghoul Enchanter)                  Turns: 2028, Time: 00:04:17

Health: 0/35       AC:  3    Str: 11    XL:     4   Next: 42%
Magic:  6/6        EV:  9    Int: 11    God:    Dithmenos [......]
Gold:   194        SH:  0    Dex:  9    Spells: 4/7 levels left

rFire    . . .     SeeInvis .   j - +2 dagger (vamp)
rCold    + . .     Gourm    .   (no shield)
rNeg     + + +     Faith    .   b - +0 robe
rPois    ∞         Spirit   .   a - +0 helmet (curse)
rElec    .         Reflect  .   (no cloak)
rCorr    .         Harm     +   (no gloves)
MR       .....                  (no boots)
Stlth    +++.......             o - amulet of harm
HPRegen  0.00/turn              i - -3 ring of evasion (curse)
MPRegen  0.10/turn              k - ring of stealth

@: rotting
A: rotting body, claws 1, carnivore, cold resistance 1, negative energy
resistance 3, inhibited regeneration, torment resistance, unbreathing
a: Renounce Religion


You were on level 2 of the Dungeon.
You worshipped Dithmenos.
Dithmenos was noncommittal.
You were not hungry.

You visited 1 branch of the dungeon, and saw 3 of its levels.

You collected 194 gold pieces.

Inventory:

Hand Weapons
 j - a +2 vampiric dagger (weapon)
Armour
 a - a cursed +0 helmet (worn)
 b - a +0 robe (worn)
Jewellery
 i - a cursed -3 ring of evasion (left claw)
 k - a ring of stealth (right claw)
 o - an amulet of harm (around neck)
Scrolls
 c - 2 scrolls of random uselessness {unknown}
 e - a scroll of enchant armour {unknown}
 f - a scroll of noise {unknown}
 g - a scroll of amnesia {unknown}
 l - 4 scrolls of remove curse {unknown}
 m - a scroll of magic mapping {unknown}
 n - 3 scrolls of identify {unknown}
 r - 3 scrolls of teleportation {unknown}
Potions
 h - a potion of flight {unknown}
 s - 2 potions of magic {unknown}
Comestibles
 d - 2 rations
 p - a chunk of flesh


   Skills:
 + Level 1.0 Fighting
 * Level 1.8 Short Blades
 + Level 0.8 Armour
 * Level 2.3 Dodging
 + Level 3.6 Stealth
 + Level 2.0 Spellcasting
 * Level 2.9 Hexes


You had 4 spell levels left.
You knew the following spells:

 Your Spells              Type           Power        Failure   Level  Hunger
a - Corona                Hex            #......      9%          1    ##.....
b - Ensorcelled Hibernat  Hex/Ice        #.....       24%         2    ###....

Your spell library contained the following spells:

 Spells                   Type           Power        Failure   Level  Hunger
 Confuse                  Hex            #.......     26%         3    ####...
 Tukima's Dance           Hex            #.......     26%         3    ####...
 Dazzling Spray           Conj/Hex       #.....       43%         3    ####...


Dungeon Overview and Level Annotations

Branches:
Dungeon (3/15)

Altars:
Dithmenos

Annotations:
D:2 1 runed translucent door, Crazy Yiuf


Innate Abilities, Weirdness & Mutations

Your body is rotting away.
You thrive on raw meat.
You are immune to poison.
You have sharp fingernails.
You are carnivorous and can eat meat at any time.
Your flesh is cold resistant. (rC+)
You are immune to negative energy. (rN+++)
You do not regenerate when monsters are visible.
You are immune to unholy pain and torment.
You can survive without breathing.


Message History

The bat hits you but does no damage. The bat barely misses you.
The bat barely misses you.
Some of the chunks of flesh in your inventory have rotted away.
The bat misses you. The bat closely misses you. x2
The bat barely misses you. The bat hits you but does no damage.
The orc priest invokes the aid of Beogh against you.
Beogh smites you! The bat misses you. The bat hits you but does no damage.
The bat hits you but does no damage. The bat hits you but does no damage.
The bat hits you but does no damage. The bat hits you but does no damage.
The bat hits you but does no damage. The bat closely misses you.
The orc priest invokes the aid of Beogh against you.
Beogh smites you!
Ouch! That really hurt!
You die...

######### ........# ..#####.#
........# ........# ........####
#########
<....).....##############........
.................b.....oo.#######
..§#§#..########@#.###...## .....
..#§§§#§.# #.#.##....# .8...
.#§#§#§#.# #.#)##....#$.o.o..
.§§§_§§..# #.#.##....#⌠o.o...
.#§#§#§### #>#.##.##.#$.o..b.
.##§§§## #.#.##.##.##..8...
...#§## ##.#.##.##.###.....
.#...# #..#.##.##..####### .#####
#.##.##............


You could see an orc priest and a bat.

Vanquished Creatures
  Natasha (D:2)
  An adder (D:3)
  2 dart slugs (D:1)
  2 giant cockroaches (D:1)
  5 goblins (D:1)
  4 hobgoblins
  3 jackals (D:1)
  11 kobolds
  5 bats
  7 frilled lizards (D:1)
  3 rats
44 creatures vanquished.

Notes
Turn   | Place    | Note
-------+----------+-------------------------------------------
     0 | D:1      | Borgoz the Ghoul Enchanter began the quest for the Orb.
     0 | D:1      | Reached XP level 1. HP: 14/14 MP: 2/2
   125 | D:1      | Reached skill level 1 in Short Blades
   357 | D:1      | Reached XP level 2. HP: 20/20 MP: 3/3
   365 | D:1      | Learned a level 2 spell: Ensorcelled Hibernation
   597 | D:1      | Reached XP level 3. HP: 23/27 MP: 4/4
  1707 | D:2      | Found a runed translucent door.
  1708 | D:2      | Noticed Crazy Yiuf
  1833 | D:2      | Noticed Natasha
  1838 | D:2      | Reached XP level 4. HP: 34/34 MP: 5/5
  1842 | D:2      | Found a shadowy altar of Dithmenos.
  1859 | D:2      | Killed Natasha
  1859 | D:2      | Reached skill level 1 in Fighting
  1892 | D:2      | Became a worshipper of Dithmenos the Shadowed
  2028 | D:2      | Killed from afar by an orc priest

Skill      XL: |  1  2  3  4 |
---------------+-------------+-----
Short Blades   | 1 |  1.8
Dodging        | 2 |  2.3
Fighting       | 1 |  1.0
Spellcasting   | 2 |  2.0
Armour         | |  0.8
Stealth        | |  3.6
Hexes          | |  2.9

Action                   |  1- 3 |  4- 6 || total
-------------------------+-------+-------++-------
Melee: Dagger            |    99 |     7 ||   106
       Short sword       |    83 |       ||    83
 Cast: Corona            |     2 |       ||     2
       Ensorcelled Hiber |     8 |       ||     8
 Stab: Sleeping          |     9 |     1 ||    10
  Eat: Chunk             |    22 |       ||    22
Armor: Robe              |    34 |    14 ||    48
Dodge: Dodged            |   109 |    14 ||   123
